 Dungeon Crawl Stone Soup version 0.18.1-48-g4cf74bf (webtiles) character file.

59 Heedrag the Conjurer (level 3, -2/19 HPs)
             Began as a Deep Elf Conjurer on Aug 7, 2016.
             Slain by torvon's ghost (6 damage)
             ... on level 3 of the Dungeon.
             The game lasted 00:03:26 (1653 turns).

Heedrag the Conjurer (Deep Elf Conjurer)            Turns: 1653, Time: 00:03:27

Health: -2/19      AC:  3    Str:  8    XL:     3   Next: 78%
Magic:  2/10       EV:  8    Int: 19    God:
Gold:   111        SH:  0    Dex: 15    Spells: 2 memorised, 6 levels left

rFire  . . .     SeeInvis .     t - +0 spear
rCold  . . .     Gourm    .     a - +0 robe
rNeg   . . .     Faith    .     (no shield)
rPois  .         Spirit   .     (no helmet)
rElec  .         Dismiss  .     (no cloak)
rCorr  .         Reflect  .     n - +0 pair of gloves
SustAt .         Harm     .     (no boots)
MR     +....                    (no amulet)
Stlth  ++........               u - ring of protection from magic
                                g - +2 ring of strength

@: somewhat resistant to hostile enchantments, unstealthy
A: no striking features
a: no special abilities


You were on level 3 of the Dungeon.
You were not hungry.

You visited 1 branch of the dungeon, and saw 4 of its levels.

You collected 111 gold pieces.

Inventory:

Hand Weapons
 t - a +0 spear (weapon)
Armour
 a - a +0 robe (worn)
 n - a +0 pair of gloves (worn)
Jewellery
 g - a +2 ring of strength (left hand)
 u - a ring of protection from magic (right hand)
Scrolls
 d - 2 scrolls of recharging {unknown}
 e - a scroll of blinking {unknown}
 h - 4 scrolls of identify {unknown}
 k - 4 scrolls of remove curse {unknown}
 l - a scroll of magic mapping {unknown}
 m - a scroll of teleportation {unknown}
 o - a scroll of fog {unknown}
 q - a scroll of enchant armour {unknown}
 s - a scroll of random uselessness {unknown}
Potions
 i - 2 potions of cancellation {unknown}
 j - a potion of degeneration {unknown}
 p - a potion of lignification {unknown}
 r - 2 potions of haste {unknown}
 v - a potion of brilliance {unknown}
Books
 b - a book of Conjurations

   Spells                             Type                      Level
   a - Magic Dart                     Conjuration                  1
   b - Searing Ray                    Conjuration                  2
   c - Dazzling Spray                 Conjuration/Hexes            3
   d - Fulminant Prism                Conjuration/Hexes            4
   e - Iskenderun's Mystic Blast      Conjuration                  4
   f - Iskenderun's Battlesphere      Conjuration/Charms           5
Comestibles
 c - 2 bread rations
 f - a beef jerky
 w - 2 meat rations
 x - 3 chunks of flesh


   Skills:
 - Level 2.8 Dodging
 - Level 3.1 Stealth
 + Level 4.0 Spellcasting
 + Level 5.0 Conjurations


You had 6 spell levels left.
You knew the following spells:

 Your Spells              Type           Power        Failure   Level  Hunger
a - Magic Dart            Conj           ###.         1%          1    None
b - Dazzling Spray        Conj/Hex       ##....       14%         3    ###....


Dungeon Overview and Level Annotations

Branches:
Dungeon (4/15)
 Temple: D:4-7

Altars:
Kikubaaqudgha
Okawaru

Annotations:
D:3 torvon's ghost, amateur FoAK


Message History

Press: ? - help, Shift-Dir - straight line, f/p - torvon's ghost
Aim: torvon's ghost (heavily damaged) Tha magic dart hits torvon's ghost.
Torvon's ghost be heavily damaged.
Torvon's ghost misses ye.
Castin': Magic Dart Confirm wit' . or Enter, or press ? or * ta list all spells.
Aimin': Magic Dart
Press: ? - help, Shift-Dir - straight line, f/p - torvon's ghost
Aim: torvon's ghost (heavily damaged) Tha magic dart hits torvon's ghost.
Torvon's ghost be heavily damaged.
Torvon's ghost hits ye.
Torvon's ghost hits ye.
* * * LOW HITPOINT WARNIN'
* * * Torvon's ghost completely misses ye.
Thar be a stone staircase leadin' up 'ere.
Torvon's ghost proudly claims, "A renegade god deserves renegade ghosts."
Torvon's ghost hits ye.
Ye die...

..#####...##.....................
......#...#+........(............
......#._.##....##'#.............
......#...##....##.#####...##....
.>....#####......................
.....###Z##..........#......#...#
.รท....#####..........#......#####
......#####..........#......#
...............W@..# #......#
#..........######..###......#
#..........+ ..##.......#
#..........# ...#.......#
#..........# ..#.#.......#....
#####......# ...#'#...##.##....
#......# .........##.......
#......# .................
.......# .....o...##....# .


You could see torvon's ghost.

Vanquished Creatures
  An adder (D:2)
  A worm (D:2)
  2 dart slugs
  A giant gecko (D:2)
  A bat (D:2)
  2 giant cockroaches
  6 goblins
  2 hobgoblins
  8 jackals
  2 quokkas
  2 giant newts
  4 kobolds
  7 rats
39 creatures vanquished.

Vanquished Creatures (others)
  A human (D:3)
1 creature vanquished.

Grand Total: 40 creatures vanquished

Notes
Turn   | Place    | Note
--------------------------------------------------------------
     0 | D:1      | Heedrag the Deep Elf Conjurer began the quest for the Orb.
     0 | D:1      | Reached XP level 1. HP: 10/10 MP: 6/6
   588 | D:1      | Reached XP level 2. HP: 15/15 MP: 6/8
   631 | D:2      | Found an iron altar of Okawaru.
   827 | D:2      | Reached XP level 3. HP: 19/19 MP: 7/10
   855 | D:2      | Learned a level 3 spell: Dazzling Spray
  1198 | D:2      | Reached skill level 5 in Conjurations
  1344 | D:3      | Found an ancient bone altar of Kikubaaqudgha.
  1361 | D:3      | Noticed a human
  1362 | D:3      | Killed a human
  1568 | D:4      | Noticed an ogre
  1581 | D:4      | Noticed a black bear
  1630 | D:3      | Noticed torvon's ghost (amateur FoAK)
  1653 | D:3      | Slain by torvon's ghost

Skill      XL: |  1  2  3 |
---------------+----------+-----
Stealth        | 3 |  3.1
Conjurations   | 5 |  5.0
Spellcasting   | 4 |  4.0
Dodging        | |  2.8

Action                   || total
-------------------------++-------
 Cast: Magic Dart        ||    85
  Eat: Chunk             ||     2
Armor: Robe              ||     3
Dodge: Dodged            ||     9
